 Dungeon Crawl Stone Soup version 0.28.0-53-g5a82cb258f (webtiles) character file.

Game seed: 8805351607731538593

91065 PentaManta the Acrobat (level 16, -5/139 HPs)
             Began as a Merfolk Transmuter on June 6, 2022.
             Was the Champion of Makhleb.
             Shot with an arrow by Nessos (7 damage)
             ... on level 15 of the Dungeon.
             The game lasted 01:18:54 (31676 turns).

PentaManta the Acrobat (Merfolk Transmuter)        Turns: 31676, Time: 01:18:55

Health: -5/139     AC: 12    Str: 10    XL:     16   Next: 2%
Magic:  23/23      EV: 26    Int: 20    God:    Makhleb [******]
Gold:   758        SH:  5    Dex: 15    Spells: 8/24 levels left

rFire   . . .      SeeInvis +     - Unarmed
rCold   . . .      Faith    .   (no shield)
rNeg    . . .      Spirit   .   V - +1 troll leather armour {Snorg}
rPois   +          Reflect  +   X - +0 helmet {SInv}
rElec   .          Harm     .   N - +1 cloak of Starlight {*Dazzle EV+4 Stlth--}
rCorr   .          Rampage  .   O - +0 pair of gloves
Will    +....                   J - +2 pair of boots
Stlth   ..........              z - amulet of reflection
HPRegen 1.13/turn               i - ring of poison resistance
MPRegen 0.18/turn               F - +4 ring of slaying

@: lethally poisoned (-5 -> -11), studying Crossbows
A: (nimble swimmer 2), mertail
a: Renounce Religion, Minor Destruction, Lesser Servant of Makhleb, Major
Destruction, Greater Servant of Makhleb


You were on level 15 of the Dungeon.
You worshipped Makhleb.
Makhleb was exalted by your worship.
You visited 4 branches of the dungeon, and saw 24 of its levels.
You visited the Abyss 1 time.

You collected 2789 gold pieces.
You spent 2031 gold pieces at shops.

Inventory:

Hand Weapons
 h - a +2 demon whip of venom
Missiles
 f - 6 atropa-tipped darts
 o - 4 throwing nets
 S - 7 curare-tipped darts
Armour
 u - the +3 hat of Pondering {ponderous, Will+ MP+10 Int+5}
   (You took it off Gastronok on level 12 of the Dungeon)

   Int:       It affects your intelligence (+5).
   MP:        It affects your magic capacity (+10).
   Will:      It increases your willpower.
 A - +0 steam dragon scales
 B - a +1 cloak of poison resistance
 G - a +2 robe of cold resistance
 J - a +2 pair of boots (worn)
 N - the +1 cloak of Starlight (worn) {*Dazzle EV+4 Stlth--}
   (You acquired it on level 1 of the Lair of Beasts)

   It may blind those who miss an attack against the wearer in melee combat.
   EV:        It affects your evasion (+4).
   Stlth:     It makes you much less stealthy.
 O - a +0 pair of gloves (worn)
 R - a +2 robe of willpower
 V - a +1 troll leather armour (worn) {Snorg}
 X - a +0 helmet of see invisible (worn)
Jewellery
 b - the amulet "Peysoos" {Acrobat rF+ Str-2 Int+4}
   (You acquired it on level 12 of the Dungeon)

   [amulet of the acrobat]

   It increases your evasion while moving and waiting.
   Str:       It affects your strength (-2).
   Int:       It affects your intelligence (+4).
   rF:        It protects you from fire.
 i - a ring of poison resistance (left hand)
 s - an amulet of regeneration
 z - an amulet of reflection (around neck)
 F - a +4 ring of slaying (right hand)
 P - a ring of flight
Wands
 t - a wand of iceblast (38)
 x - a wand of paralysis (3)
 D - a wand of charming (5)
 E - a wand of polymorph (9)
 H - a wand of flame (82)
 M - a wand of acid (6)
 Y - a wand of mindburst (3)
Scrolls
 a - 3 scrolls of enchant armour
 d - 4 scrolls of blinking
 k - 4 scrolls of fog
 l - 5 scrolls of magic mapping
 m - 10 scrolls of identify
 n - 7 scrolls of teleportation
 y - 3 scrolls of amnesia
 C - 7 scrolls of fear
 K - a scroll of summoning
Potions
 c - 7 potions of invisibility
 e - 5 potions of lignification
 g - 3 potions of resistance
 j - 9 potions of curing
 p - 7 potions of heal wounds
 q - 4 potions of brilliance
 r - 5 potions of mutation
 L - 3 potions of haste
 Q - 2 potions of cancellation
 W - a potion of magic
 Z - 3 potions of ambrosia
Miscellaneous
 v - a lightning rod (4/4)
 w - a condenser vane


   Skills:
 - Level 16.3 Fighting
 - Level 21.0 Dodging
 - Level 16.0 Unarmed Combat
 + Level 4.7 Spellcasting
 + Level 10.1 Transmutations
 + Level 3.7 Air Magic


You had 8 spell levels left.
You knew the following spells:

 Your Spells              Type           Power      Damage    Failure   Level
a - Ice Form              Ice/Tmut       25%        N/A       21%         4
b - Spider Form           Tmut/Pois      25%        N/A       6%          3
c - Wereblood             Tmut           45%        N/A       1%          2
d - Storm Form            Tmut/Air       16%        N/A       100%        7

Your spell library contained the following spells:

 Spells                   Type           Power      Damage    Failure   Level
 Beastly Appendage        Tmut           90%        N/A       1%          1
 Passwall                 Tmut/Erth      20%        N/A       3%          2
 Swiftness                Air            19%        N/A       11%         3
 Corpse Rot               Necr/Air       24%        N/A       12%         2
 Freeze                   Ice            16%        1d4       16%         1
 Blink                    Tloc           8%         N/A       24%         2
 Ensorcelled Hibernation  Hex/Ice        8%         N/A       24%         2
 Airstrike                Air            9%         N/A       34%         4
 Frozen Ramparts          Ice            8%         1d2       43%         3
 Gell's Gravitas          Tloc           4%         N/A       43%         3
 Stone Arrow              Conj/Erth      8%         3d7       43%         3
 Teleport Other           Tloc           4%         N/A       43%         3
 Tukima's Dance           Hex            4%         N/A       43%         3
 Alistair's Intoxication  Tmut/Pois      16%        N/A       50%         5
 Summon Lightning Spire   Summ/Air       12%        N/A       58%         4
 Anguish                  Hex/Necr       2%         N/A       85%         4
 Animate Armour           Summ/Erth      8%         N/A       85%         4
 Dispel Undead            Necr           4%         3d7       85%         4
 Fulminant Prism          Conj/Hex       2%         3d6       85%         4
 Hailstorm                Conj/Ice       4%         3d4       85%         4
 Iskenderun's Mystic Bla  Conj/Tloc      4%         2d3       85%         4
 Lightning Bolt           Conj/Air       6%         1d18      91%         5
 Eringya's Noxious Bog    Tmut/Pois      12%        N/A       97%         6
 Borgnjor's Vile Clutch   Necr/Erth      2%         N/A       99%         5
 Fireball                 Conj/Fire      2%         3d4       99%         5
 Lee's Rapid Deconstruct  Erth           2%         3d5*      99%         5
 Manifold Assault         Tloc           4%         N/A       99%         5
 Death Channel            Necr           2%         N/A       100%        6
 Dispersal                Tloc           2%         N/A       100%        6
 Simulacrum               Ice/Necr       2%         N/A       100%        6
 Enfeeble                 Hex            2%         N/A       100%        7
 Ozocubu's Refrigeration  Ice            2%         4d5       100%        7
 Ignition                 Fire           2%         3d3       100%        8
 Lehudib's Crystal Spear  Conj/Erth      2%         10d2      100%        8


Dungeon Overview and Level Annotations

Branches:
Dungeon (15/15)            Temple (1/1) D:4            Lair (6/6) D:10
 Shoals (0/4) Lair:4       Spider (0/4) Lair:2        Slime (0/5) Lair:6
    Orc (2/2) D:12            Elf (0/3) Orc:2        Vaults (0/5) D:13
 Depths: D:15

Altars:
Ashenzari
Cheibriados
Dithmenos
Elyvilon
Fedhas
Gozag
Hepliaklqana
Kikubaaqudgha
Makhleb
Nemelex Xobeh
Okawaru
Qazlal
Ru
Sif Muna
Trog
Uskayaw
Vehumet
Wu Jian
Xom
Yredelemnul
Zin
The Shining One
Jiyva

Shops:
D:1 (   D:7 (   D:13 =*   Orc:1 *   Orc:2 (?!![*

Annotations:
D:6 3 runed translucent doors, Sobaton's ghost, novice MiFi
D:15 Nessos


Innate Abilities, Weirdness & Mutations

((You are very nimble when in or above water. (Stealth+, EV+, Speed+++)))
Your lower body shifts to a powerful aquatic tail in water.


Message History

Nessos gestures wildly while chanting.
Nessos seems to speed up.
You feel sick.
Nessos gestures wildly while chanting.
Nessos blinks!
Nessos shoots an arrow.
The arrow hits you!! The arrow burns you.
You feel sick.
Nessos shoots an arrow.
The arrow hits you! The arrow burns you.
You feel sick.
You are no longer poisoned.
Nessos shoots an arrow.
The arrow misses you.
Nessos shoots an arrow.
The arrow hits you!!
* * * LOW HITPOINT WARNING * * *
The arrow burns you!
* * * LOW HITPOINT WARNING * * *
Nessos gestures wildly while chanting.
Nessos blinks!
Blink to where?
Press: ? - help, Dir - move target
As you read the scroll of blinking, it crumbles to dust.
You start removing your amulet.
You continue taking off your amulet of reflection. x2
Nessos shoots an arrow.
Keep disrobing? [Y]es or [N]o only, please.
Keep disrobing? [Y]es or [N]o only, please.
Keep disrobing?
You stop removing your amulet.
The arrow completely misses you.
Nessos shoots an arrow.
The arrow hits you.
* * * LOW HITPOINT WARNING * * *
The arrow burns you.
* * * LOW HITPOINT WARNING * * *
Nessos shoots an arrow.
The arrow barely misses you.
Nessos shoots an arrow.
The arrow closely misses you.
Nessos shouts, "I'm half human!
Half horse!
And all stone-cold KILLER!"
Nessos shoots an arrow.
The arrow hits you!!
* * * LOW HITPOINT WARNING * * *
The arrow burns you!
You are lethally poisoned!
You die...

.#..#)...[.####............ #
##....)......c............
###.#..#.#............#####...
#.....##.##..........##(((##..
#..#.#..###..)........#(#(#(#..
# #.##..##........##.#(.#(.#..
# .###.......###.#.#.#.#..
##.##.......##.##...##..
.#.#...@....##.###.###..
........##...#.#.###.#..
....?..).......#.....#..
..............^.##._.##..
#................#.. #...
###......).......##+ #...
##....<................
#......................
##.....................


You could see Nessos (fast).

Vanquished Creatures
  A tentacled starspawn (Abyss:4)
  Gastronok (D:12)
  A balrug (Abyss:3)
  A starcursed mass (Abyss:4)
  Snorg (Lair:5)
  A fire dragon (Lair:6)
  7 hydras
  2 vault guards (D:13)
  2 boulder beetles (D:14)
  A catoblepas (D:13)
  2 two-headed ogres (D:9)
  A dancing weapon (Abyss:4)
  4 centaur warriors
  5 death yaks (Lair:5)
  4 thrashing horrors (Abyss:4)
  3 orc high priests
  2 wretched stars (Abyss:3)
  5 skeletal warriors
  A wizard (D:13)
  2 lindwurms
  7 orc knights
  3 necromancers (D:13)
  3 deep elf pyromancers
  10 cyclopes
  5 orc sorcerers
  9 ugly things
  4 manticores
  9 elephants
  A black mamba (Lair:2)
  Joseph (Lair:1)
  Maurice (D:8)
  Maggie (D:7)
  8 cane toads
  An orange demon (Abyss:4)
  2 unseen horrors
  6 torpor snails (Lair:6)
  7 komodo dragons
  A rime drake (Lair:1)
  An efreet (D:13)
  2 kobold demonologists (D:12)
  Psyche (D:8)
  A tengu conjurer (D:13)
  2 freezing wraiths
  5 trolls
  12 polar bears
  4 tyrant leeches (Lair:6)
  2 ancient zymes (Abyss:3)
  8 hornets (Lair:6)
  3 meliai (D:12)
  20 slime creatures
  8 blink frogs
  Prince Ribbit (D:5)
  6 raiju (Lair:6)
  3 small abominations
  2 centaur simulacra (D:15)
  A snapping turtle (Lair:4)
  2 jumping spiders (Lair:2)
  A water elemental (D:14)
  6 wraiths
  3 culicivoras (Lair:2)
  2 large abominations (Abyss:3)
  A vampire (D:7)
  19 yaks
  Eustachio (D:3)
  19 humans (D:13)
  3 basilisks
  6 wyverns
  3 fire bats (Abyss:3)
  2 redbacks (Lair:2)
  20 vampire mosquitoes
  A neqoxec (Abyss:3)
  5 wargs
  Edmund (D:4)
  2 acid dragons
  11 hell hounds (Lair:6)
  11 water moccasins
  22 orc warriors
  3 sky beasts
  13 black bears
  An ice beast (D:8)
  2 necrophages
  17 wolves
  A boggart (D:14)
  5 centaurs
  11 ogres
  2 phantoms
  4 kobold brigands
  Blork the orc (D:6)
  16 bullfrogs
  3 gnoll sergeants
  3 scorpions
  3 killer bees (D:10)
  11 wights
  4 howler monkeys
  4 electric eels
  3 centaur zombies
  A hound (D:4)
  An iron imp (Abyss:3)
  A jelly (D:8)
  A gnoll shaman (D:3)
  Crazy Yiuf (D:7)
  A bullfrog skeleton (D:3)
  15 orc priests
  A centaur skeleton (D:6)
  2 iguanas (D:5)
  24 orc wizards
  A killer bee zombie (D:9)
  A hound skeleton (D:5)
  13 gnolls
  A howler monkey zombie (D:10)
  6 adders
  2 worms (D:3)
  4 dart slugs
  62 orcs
  7 endoplasms
  6 giant cockroaches
  6 goblins
  10 hobgoblins
  4 jackals (D:1)
  14 kobolds
  8 quokkas
  9 ball pythons
  5 bats
  5 frilled lizards
  A quokka skeleton (D:4)
  5 rats
674 creatures vanquished.

Vanquished Creatures (others)
  An orc wizard (Orc:1)
  9 fungi
  67 plants
  3 starspawn tentacles (Abyss:4)
80 creatures vanquished.

Grand Total: 754 creatures vanquished

Notes
Turn   | Place    | Note
-------+----------+-------------------------------------------
     0 | D:1      | PentaManta the Merfolk Transmuter began the quest for the
                  | Orb.
     0 | D:1      | Reached XP level 1. HP: 15/15 MP: 3/3
   362 | D:1      | Reached XP level 2. HP: 15/21 MP: 5/5
   579 | D:1      | Found Dybud's Antique Weapon Emporium.
   896 | D:1      | Reached XP level 3. HP: 13/26 MP: 6/6
   905 | D:1      | Learned a level 3 spell: Spider Form
  1179 | D:1      | Reached skill level 5 in Transmutations
  2154 | D:2      | Reached XP level 4. HP: 32/32 MP: 5/7
  3273 | D:3      | Found a faded altar of an unknown god.
  3281 | D:3      | Reached XP level 5. HP: 26/37 MP: 6/8
  3578 | D:3      | Found an ornate altar of the Wu Jian Council.
  4096 | D:4      | Noticed Eustachio
  4516 | D:3      | Killed Eustachio
  4517 | D:3      | Reached skill level 3 in Dodging
  4517 | D:3      | Reached XP level 6. HP: 21/43 MP: 2/9
  4863 | D:4      | Learned a level 2 spell: Wereblood
  5041 | D:4      | Found a staircase to the Ecumenical Temple.
  5052 | D:4      | Found a snail-covered altar of Cheibriados.
  5053 | D:4      | Found a basalt altar of Yredelemnul.
  5077 | D:4      | Reached skill level 4 in Dodging
  5077 | D:4      | Reached skill level 5 in Unarmed Combat
  5077 | D:4      | Reached XP level 7. HP: 48/48 MP: 7/10
  5079 | Temple   | Entered the Ecumenical Temple
  5301 | Temple   | Became a worshipper of Makhleb the Destroyer
  5339 | D:4      | Noticed Edmund
  5351 | D:4      | Killed Edmund
  5740 | D:5      | Entered Level 5 of the Dungeon
  5768 | D:5      | Reached skill level 5 in Dodging
  6029 | D:5      | Identified the amulet of Utse {RegenMP Will- Str+4 SInv}
  6032 | D:5      | Found a shadowy altar of Dithmenos.
  6075 | D:5      | Reached XP level 8. HP: 54/54 MP: 7/11
  6088 | D:5      | Reached skill level 6 in Dodging
  6664 | D:5      | Found a blossoming altar of Fedhas.
  6665 | D:5      | Found a stormy altar of Qazlal.
  6668 | D:5      | Found a shimmering blue altar of Sif Muna.
  6722 | D:5      | Noticed Prince Ribbit
  6746 | D:5      | Reached * piety under Makhleb
  6747 | D:5      | Reached skill level 7 in Dodging
  6748 | D:5      | Killed Prince Ribbit
  7448 | D:6      | Found an opulent altar of Gozag.
  7479 | D:6      | Reached XP level 9. HP: 50/59 MP: 9/12
  7661 | D:6      | Found a runed translucent gate.
  7662 | D:6      | Found a runed translucent gate.
  7662 | D:6      | Noticed Sobaton's ghost (novice MiFi)
  7662 | D:6      | Noticed a kobold demonologist
  7663 | D:6      | Found a runed translucent gate.
  7677 | D:6      | Reached skill level 8 in Dodging
  7800 | D:6      | Noticed Blork the orc
  7809 | D:6      | Killed Blork the orc
  8218 | D:7      | Found Woifiv's Weapon Shop.
  8308 | D:7      | Noticed a cyclops
  8326 | D:7      | Killed a cyclops
  8327 | D:7      | Reached skill level 10 in Unarmed Combat
  8659 | D:7      | Reached skill level 9 in Dodging
  8815 | D:7      | Noticed Maggie
  8854 | D:7      | Killed Maggie
  9129 | D:7      | Found an iron altar of Okawaru.
  9373 | D:7      | Found an ancient bone altar of Kikubaaqudgha.
  9539 | D:7      | Reached XP level 10. HP: 32/65 MP: 13/13
  9870 | D:7      | Found a runed translucent door.
  9871 | D:7      | Noticed Crazy Yiuf
 10000 | D:7      | Killed Crazy Yiuf
 10093 | D:7      | Reached skill level 10 in Dodging
 10319 | D:8      | Reached ** piety under Makhleb
 10933 | D:8      | Noticed Maurice
 10953 | D:8      | Killed Maurice
 11207 | D:8      | Reached skill level 11 in Dodging
 11363 | D:8      | Noticed Psyche
 11386 | D:8      | Killed Psyche
 11748 | D:9      | Noticed a two-headed ogre
 11755 | D:9      | Killed a two-headed ogre
 11756 | D:9      | Reached skill level 5 in Fighting
 12017 | D:9      | Noticed a two-headed ogre
 12028 | D:9      | Killed a two-headed ogre
 12029 | D:9      | Reached XP level 11. HP: 67/81 MP: 14/14
 12243 | D:9      | Reached skill level 12 in Dodging
 12370 | D:9      | Reached *** piety under Makhleb
 12659 | D:10     | Entered Level 10 of the Dungeon
 12676 | D:10     | Reached skill level 13 in Dodging
 13166 | D:10     | Found a hazy altar of Hepliaklqana.
 13331 | D:10     | Found a staircase to the Lair.
 13597 | D:10     | Reached skill level 14 in Dodging
 13634 | D:10     | Found a glowing silver altar of Zin.
 13634 | D:10     | Noticed an angel
 14226 | D:11     | Noticed a green ugly thing
 14227 | D:11     | Noticed a four-headed hydra
 14260 | D:10     | Killed a green ugly thing
 14261 | D:10     | Reached skill level 15 in Dodging
 14278 | D:11     | Killed a four-headed hydra
 14322 | D:11     | Noticed a red ugly thing
 14331 | D:11     | Killed a purple ugly thing
 14403 | D:11     | Noticed a centaur warrior
 14412 | D:11     | Killed a centaur warrior
 14412 | D:11     | Reached **** piety under Makhleb
 14420 | D:11     | Reached XP level 12. HP: 65/91 MP: 15/15
 15270 | D:12     | Noticed Gastronok
 15335 | Lair:1   | Entered Level 1 of the Lair of Beasts
 15476 | Lair:1   | Noticed Joseph
 15492 | Lair:1   | Killed Joseph
 16061 | Lair:1   | Identified a scroll of acquirement
 16061 | Lair:1   | Acquired the +1 cloak of Starlight {*Dazzle EV+4 Stlth--}
 16061 | Lair:1   | Found the +1 cloak of Starlight {*Dazzle EV+4 Stlth--}
 16948 | Lair:2   | Found a hole to the Spider Nest.
 17775 | Lair:3   | Reached skill level 10 in Fighting
 17775 | Lair:3   | Reached skill level 15 in Unarmed Combat
 18076 | Lair:4   | Found a staircase to the Shoals.
 18226 | Lair:4   | Noticed a seven-headed hydra
 18233 | Lair:4   | Killed a seven-headed hydra
 18504 | Lair:4   | Reached XP level 13. HP: 104/104 MP: 16/16
 19561 | Lair:5   | Noticed Snorg
 19579 | Lair:5   | Killed Snorg
 19984 | Lair:5   | Reached ***** piety under Makhleb
 19999 | Lair:5   | Reached skill level 16 in Dodging
 21029 | Lair:6   | Entered Level 6 of the Lair of Beasts
 21075 | Lair:6   | Found a staircase to the Slime Pits.
 21075 | Lair:6   | Found a viscous altar of Jiyva.
 21159 | Lair:6   | Reached skill level 17 in Dodging
 22065 | Lair:6   | Reached XP level 14. HP: 118/118 MP: 17/17
 22162 | Lair:6   | Reached skill level 18 in Dodging
 22342 | Lair:6   | Reached ****** piety under Makhleb
 22675 | Lair:6   | Found a runed translucent door.
 22696 | Lair:6   | HP: 5/119 [fire dragon/blast of flame (40)]
 23117 | Lair:6   | Paralysed by a hornet for 2 turns
 24532 | D:12     | Found a staircase to the Orcish Mines.
 24585 | D:12     | Reached skill level 19 in Dodging
 25133 | D:12     | Killed Gastronok
 25416 | D:12     | Acquired the amulet "Peysoos" {Acrobat rF+ Str-2 Int+4}
 25423 | Orc:1    | Entered Level 1 of the Orcish Mines
 25619 | Orc:2    | Entered Level 2 of the Orcish Mines
 25703 | Orc:2    | Found Xeynidwo's Firing Range.
 25932 | Orc:1    | Found Yriett's CLEARANCE SALE!.
 26068 | Orc:2    | Found Ulir's General Store.
 26077 | Orc:2    | Bought 2 potions of heal wounds for 160 gold pieces
 26077 | Orc:2    | Bought a scroll of teleportation for 48 gold pieces
 26252 | Orc:2    | Found a staircase to the Elven Halls.
 26457 | Orc:1    | Reached skill level 15 in Fighting
 27555 | Orc:2    | Reached XP level 15. HP: 123/129 MP: 18/18
 27591 | Orc:2    | Reached skill level 20 in Dodging
 27600 | Orc:2    | Found Kaoc's Armour Emporium.
 27600 | Orc:2    | Found Ilocaf's Distillery.
 27601 | Orc:2    | Found Ycsous's Distillery.
 27601 | Orc:2    | Found Mulohaam's Magic Scroll Shop.
 27769 | Orc:1    | Bought a potion of lignification for 12 gold pieces
 27769 | Orc:1    | Bought 3 scrolls of fear for 42 gold pieces
 27769 | Orc:1    | Bought a wand of flame (10) for 24 gold pieces
 27769 | Orc:1    | Bought a wand of flame (5) for 14 gold pieces
 27864 | Orc:2    | Bought a potion of curing for 51 gold pieces
 27864 | Orc:2    | Bought a potion of magic for 136 gold pieces
 27864 | Orc:2    | Bought a potion of ambrosia for 136 gold pieces
 27864 | Orc:2    | Bought a potion of brilliance for 68 gold pieces
 27866 | Orc:2    | Bought a scroll of magic mapping for 45 gold pieces
 27866 | Orc:2    | Bought a scroll of teleportation for 39 gold pieces
 27874 | Orc:2    | Bought a potion of brilliance for 52 gold pieces
 27874 | Orc:2    | Bought a potion of curing for 39 gold pieces
 27874 | Orc:2    | Bought a potion of haste for 130 gold pieces
 27874 | Orc:2    | Bought a potion of ambrosia for 104 gold pieces
 27874 | Orc:2    | Bought 2 potions of curing for 78 gold pieces
 27874 | Orc:2    | Bought a potion of brilliance for 52 gold pieces
 27874 | Orc:2    | Bought 2 potions of heal wounds for 130 gold pieces
 27876 | Orc:2    | Bought a +0 helmet of see invisible for 161 gold pieces
 28337 | D:13     | Got Syeshrir's Reference Book on Ignition and Cold
 28653 | D:13     | Found Inir's Jewellery Emporium.
 28856 | D:13     | Cast into level 3 of the Abyss (a wizard)
 28928 | Abyss:3  | Noticed a balrug
 28938 | Abyss:3  | Killed a balrug
 29032 | Abyss:3  | Noticed a balrug
 29048 | Abyss:4  | Found a corrupted altar of Lugonu.
 29055 | Abyss:4  | Found a corrupted altar of Lugonu.
 29304 | Abyss:4  | Found a corrupted altar of Lugonu.
 29345 | Abyss:4  | Noticed a tentacled starspawn
 29353 | Abyss:4  | Killed a tentacled starspawn
 29358 | D:13     | Escaped the Abyss
 29395 | D:13     | Found a gate to the Vaults.
 29444 | D:13     | Bought an amulet of regeneration for 510 gold pieces
 29906 | D:13     | Found Zaafask's General Store.
 30122 | D:14     | Reached skill level 21 in Dodging
 30241 | D:13     | Learned a level 4 spell: Ice Form
 30249 | D:13     | Learned a level 7 spell: Storm Form
 30338 | D:14     | Reached skill level 1 in Air Magic
 30935 | D:15     | Entered Level 15 of the Dungeon
 31168 | D:15     | Found a hide-covered altar of Uskayaw.
 31284 | D:15     | Noticed Nessos
 31420 | D:14     | HP: 2/132 [poisoned by Nessos]
 31539 | D:15     | Reached skill level 10 in Transmutations
 31547 | D:15     | Reached XP level 16. HP: 107/139 MP: 20/23
 31676 | D:15     | HP: 2/139 [Nessos/arrow (24)]
 31676 | D:15     | Shot with an arrow by Nessos

Illustrated notes

Levels and vault maps discovered:
D:1:      dpeg_arrival_simpleton_b, layout_basic, serial_shops, shop,
          minmay_octomino_c4
D:2:      layout_basic, hangedman_abyss_or_decor_stabs
D:3:      layout_rooms, nzn_wu_jian_contemplation, basic_ecumenical_altar
D:4:      layout_cave_pools, nicolae_overflow_hidden_temple,
          minmay_temple_entry_crystal_x, serial_glass, glass_columns_a,
          glass_columns_b, item_on_display_a, feat_on_display,
          minmay_manual_mail, uniq_edmund, uniq_eustachio
D:5:      layout_rooms, lemuel_tele_altar,
          chequers_temple_overflow_statue_of_worship, uniq_prince_ribbit1
D:6:      layout_rooms, lemuel_doored_altar, gammafunk_ghost_nasty_kobolds,
          uniq_blork_the_orc
D:7:      layout_basic, lemuel_round_altar, okawaru_metal_pillars_1_2,
          serial_shops, kennysheep_mini, chequers_serial_rivers_room_a,
          uniq_crazy_yiuf_cottage, uniq_maggie
D:8:      layout_cave_pods, uniq_maurice, uniq_psyche
D:9:      layout_roguey
D:10:     layout_loops_ring, zin_angel, nicolae_hepliaklqana_hazy_memory,
          grunt_lair_entry_orc_guard_hut
D:11:     layout_gridville
D:12:     layout_loops_corners, orc_0_dummy, uniq_gastronok
D:13:     layout_basic, grunt_vaults_entry_tiered, serial_shops,
          kennysheep_little_box, nicolae_shop_crystal
D:14:     layout_basic, serial_bayou, serial_bayou_pond_c, serial_bayou_ford_a,
          serial_bayou_pond_b, serial_bayou_pond_c
D:15:     grunt_enter_depths_magical_seal, layout_cave_pools,
          nicolae_uskayaw_en_pointe, minmay_between, uniq_rupert, uniq_nessos
Temple:   dpeg_chambers_temple
Lair:1:   layout_small_grid, st_stairs_12, chequers_serial_rivers_large_b,
          minivault_25, beast_lair_carwin_1, uniq_joseph
Lair:2:   layout_roguey, nicolae_spider_entry_tight_spaces
Lair:3:   layout_hall_layers, serial_bayou_pond_e, lemuel_fruit_tree,
          grunt_megastairs_4
Lair:4:   layout_layer_cave, minmay_shoals_entry_hut,
          nicolae_quartered_pool_impasse, beast_lair_carwin_7
Lair:5:   layout_cave_pods, gammafunk_lair_bear_cave, lemuel_fruit_fields,
          uniq_snorg
Lair:6:   hangedman_lair_caniforms_friends, layout_cave_pods, wormcave,
          slime_altar_1, chequers_serial_rivers_small_b
Orc:1:    layout_caves, nicolae_shop_clearance
Orc:2:    st_orc_elflike, layout_caves, serial_shops, shop,
          nicolae_shop_firing_range

Skill      XL: |  1  2  3  4  5  6  7  8  9 10 11 12 13 14 15 |
---------------+----------------------------------------------+-----
Transmutations | 3 4 5 6 8 10 | 10.1
Dodging        | 3 4 5 7 9 11 15 17 19 21 | 21.0
Unarmed Combat | 4 5 6 9 11 13 15 16 | 16.0
Fighting       | 6 7 10 13 15 16 | 16.3
Air Magic      | 3 |  3.7
Spellcasting   | 4 |  4.7

Action                   |  1- 3 |  4- 6 |  7- 9 | 10-12 | 13-15 | 16-18 || total
-------------------------+-------+-------+-------+-------+-------+-------++-------
Melee: Unarmed           |   131 |   148 |   257 |   541 |  1446 |    20 ||  2543
       Headbutt          |    16 |    17 |       |       |       |       ||    33
       Punch             |     2 |     4 |       |     3 |     7 |     1 ||    17
 Cast: Beastly Appendage |    27 |    23 |       |       |       |       ||    50
       Spider Form       |     2 |    12 |    38 |    81 |   136 |     1 ||   270
       Wereblood         |       |       |       |     1 |     8 |       ||     9
       Ice Form          |       |       |       |       |     1 |       ||     1
 Abil: End Transformatio |       |       |       |     1 |     6 |       ||     7
Evoke: Wand              |       |       |       |       |     1 |       ||     1
  Use: Scroll            |       |       |    15 |    13 |    11 |     1 ||    40
       Potion            |       |       |     1 |     1 |     4 |       ||     6
 Stab: Sleeping          |     2 |       |       |       |       |       ||     2
       Distracted        |       |       |       |       |     1 |       ||     1
Armor: Robe              |    13 |    14 |     2 |       |       |       ||    29
       Skin              |     1 |     3 |    11 |    19 |    20 |       ||    54
       Steam dragon scal |       |       |       |    11 |    10 |       ||    21
       Troll leather arm |       |       |       |       |     4 |     1 ||     5
Dodge: Dodged            |    64 |   104 |   240 |   620 |  1851 |    20 ||  2899
Block: Other             |       |       |       |       |    99 |     3 ||   102
       Reflection        |       |       |       |       |     1 |       ||     1
